 Dungeon Crawl Stone Soup version 0.30-b1-2-g02819fbbbe (webtiles) character file.

Game seed: 8712032501705038515

4814 Mesmaeker13 the Gusty (level 10, -1/69 HPs)
             Began as a Demigod Air Elementalist on July 14, 2023.
             Slain by a death yak (25 damage)
             ... on level 8 of the Dungeon.
             The game lasted 00:15:03 (7418 turns).

Mesmaeker13 the Gusty (Demigod Air Elementalist)    Turns: 7418, Time: 00:15:03

Health: -1/69      AC:  4    Str: 13    XL:     10   Next: 4%
Magic:  10/21      EV: 13    Int: 25    God:
Gold:   709        SH:  0    Dex: 14    Spells: 12/19 levels left

rFire   . . .        y - staff of conjuration
rCold   + . .        (no shield)
rNeg    . . .        H - +0 leather armour
rPois   .            G - +0 helmet
rElec   .            (no cloak)
rCorr   .            (no gloves)
SInv    .            (no boots)
Will    +....        v - amulet of magic regeneration
Stlth   ++           A - ring of protection from cold
HPRegen 0.31/turn    (no ring)
MPRegen 0.57/turn

%: no passive effects
@: no status effects
A: high MP 1, forlorn, divine attributes
a: no special abilities


You were on level 8 of the Dungeon.
You visited 1 branch of the dungeon, and saw 8 of its levels.

You collected 709 gold pieces.

Inventory:

Hand Weapons
 J - a +0 hand axe of freezing
 L - a +3 trident of freezing
Missiles
 q - 7 poisoned darts
 D - a throwing net
Armour
 C - an orb of light
 G - a +0 helmet (worn)
 H - a +0 leather armour (worn)
Magical Staves
 y - a staff of conjuration (weapon)
Jewellery
 i - an amulet of the acrobat
 l - a ring of flight
 v - an amulet of magic regeneration (around neck)
 A - a ring of protection from cold (left hand)
Wands
 u - a wand of polymorph (12)
 E - a wand of charming (19)
 F - a wand of light (8)
Scrolls
 e - a scroll of silence
 j - 2 scrolls of fog
 k - 6 scrolls of teleportation
 o - a scroll of brand weapon {unknown}
 p - a scroll of vulnerability {unknown}
 r - a scroll of summoning {unknown}
 s - 2 scrolls of amnesia {unknown}
 t - 2 scrolls of enchant weapon {unknown}
 w - a scroll of noise {unknown}
 x - 2 scrolls of fear {unknown}
 I - a scroll of magic mapping {unknown}
Potions
 a - a potion of attraction {unknown}
 b - a potion of magic
 c - 4 potions of flight
 d - a potion of resistance {unknown}
 f - a potion of ambrosia {unknown}
 g - a potion of haste {unknown}
 h - 2 potions of mutation {unknown}
 m - 7 potions of might
 n - 8 potions of curing
 z - 2 potions of heal wounds {unknown}
 B - a potion of berserk rage {unknown}
 K - a potion of brilliance {unknown}


   Skills:
 + Level 3.1 Armour
 - Level 4.5 Dodging
 - Level 1.7 Stealth
 - Level 5.3 Spellcasting
 + Level 7.4 Conjurations
 + Level 4.5 Summonings
 + Level 7.9 Air Magic


You had 12 spell levels left.
You knew the following spells:

 Your Spells              Type           Power      Damage    Failure   Level
a - Shock                 Conj/Air       100%       1d9       1%          1
b - Searing Ray           Conj           100%       2d8       1%          2
c - Summon Lightning Spi  Summ/Air       37%        N/A       8%          4

Your spell library contained the following spells:

 Spells                   Type           Power      Damage    Failure   Level
 Magic Dart               Conj           100%       1d8       1%          1
 Summon Small Mammal      Summ           100%       N/A       1%          1
 Static Discharge         Conj/Air       100%       2-7/arc   1%          2
 Swiftness                Air            46%        N/A       1%          3
 Airstrike                Air            23%        2d(4-20)  3%          4
 Call Canine Familiar     Summ           29%        N/A       4%          3
 Apportation              Tloc           12%        N/A       10%         1
 Necrotise                Necr           24%        1d5       10%         1
 Summon Guardian Golem    Hex/Summ       17%        N/A       12%         3
 Blink                    Tloc           12%        N/A       16%         2
 Fulminant Prism          Conj/Hex       18%        3d10      22%         4
 Gell's Gravitas          Tloc           6%         N/A       30%         3
 Teleport Other           Tloc           6%         N/A       30%         3
 Manifold Assault         Tloc           6%         N/A       69%         4
 Dispersal                Tloc           3%         N/A       100%        6
 Storm Form               Tmut/Air       13%        N/A       100%        7


Dungeon Overview and Level Annotations

Branches:
Dungeon (8/15)             Temple (0/1) D:6            Lair (0/5) D:8

Shops:
D:2 [   D:8 *


Innate Abilities, Weirdness & Mutations

You have an increased reservoir of magic. (+10% MP)
You shall have no god before yourself.
Your divine heritage dramatically boosts your attributes as you level up.


Message History

Your lightning spire shoots out a bolt of lightning at the death yak!
The bolt of electricity hits the death yak! x2
Aiming: Bolt of Light
Press: ? - help, Shift-Dir - straight line, f - death yak, p - death yak
Aim: a death yak (heavily wounded, 90% to hit)
The bolt of light hits the death yak!
The death yak is heavily wounded.
The death yak is blinded.
The bolt of light hits the death yak.
The death yak is heavily wounded.
The death yak is blinded.
Casting: Searing Ray (safe; 1% risk of failure)
Confirm with . or Enter, or press ? or * to list all spells.
Aiming: Searing Ray (safe; 1% risk of failure)
Press: ? - help, Shift-Dir - straight line, f - death yak, p - death yak
Aim: a death yak (heavily wounded, blind, ally target, 94% to hit)
You feel a surge of power!
The searing ray hits the death yak.
The death yak is severely wounded. (Press . to maintain the ray.)
The death yak closely misses you. The death yak gores you!!
Casting: Searing Ray (safe; 1% risk of failure)
Confirm with . or Enter, or press ? or * to list all spells.
You don't know that spell.
Casting: Searing Ray (safe; 1% risk of failure)
Confirm with . or Enter, or press ? or * to list all spells.
Restarting spell: Searing Ray (safe; 1% risk of failure)
Press: ? - help, Shift-Dir - straight line, f/p - death yak
Aim: a death yak (severely wounded, blind, ally target, 94% to hit)
You feel a surge of power!
The searing ray hits the death yak!
The death yak is severely wounded. (Press . to maintain the ray.)
The death yak gores you!! The death yak misses you.
The searing ray hits the death yak.
The death yak is severely wounded.
The death yak snorts and paws the ground.
The death yak gores you but does no damage. x2
Unknown command.
The searing ray hits the death yak.
The death yak is almost dead.
The death yak is no longer blind. x2; The death yak gores you!!
You die...

#........#####.#
##########.###....)>....#
#<..........##.##.........
#...........##.###########
#..#######).##.# #..#
##...##.# #..#####.###.#.#
#........# #..<#
#...###..###@#############
#...# #.#.8.YY...........#
#...# #.###.#######.####.#
#...###.###.# #.# #.#
#....)....[.# #.# #..#
#####.#.###.##### #.#
..... ........# #.# #.#
....... #.####### #.#
#.#......Y. #.# #.#
#........Y.


You could see 2 death yaks and a friendly lightning spire (summoned).

Vanquished Creatures
  A death yak (D:8)
  A wyvern (D:8)
  4 yaks
  An acid dragon (D:8)
  Duvessa (D:5)
  3 water moccasins
  2 black bears
  3 sky beasts
  An ogre (D:7)
  3 centaurs
  Blork the orc (D:5)
  4 scorpions
  3 bullfrogs
  3 wights (D:8)
  A killer bee (D:5)
  Dowan (D:5)
  4 hounds (D:5)
  A jelly (D:5)
  A sleepcap (D:7)
  A gnoll bouda (D:6)
  3 iguanas
  4 orc wizards
  7 gnolls (D:6)
  11 adders
  A shadow imp (D:4)
  2 white imps
  2 dart slugs (D:4)
  16 orcs
  8 endoplasms
  2 giant cockroaches (D:4)
  6 goblins
  5 hobgoblins
  6 kobolds
  A quokka (D:1)
  9 ball pythons
  4 bats
  5 frilled lizards
  6 rats
138 creatures vanquished.

Vanquished Creatures (collateral kills)
  A gargoyle (D:8)
  A wyvern (D:8)
  A centaur (D:8)
  4 wights (D:8)
  2 killer bees (D:5)
  A hound (D:5)
  A sleepcap (D:8)
  A shadow imp (D:8)
12 creatures vanquished.

Vanquished Creatures (others)
  A killer bee (D:5)
  2 fungi (D:8)
  A plant (D:5)
  6 toadstools (D:8)
10 creatures vanquished.

Grand Total: 160 creatures vanquished

Notes
Turn   | Place    | Note
-------+----------+-------------------------------------------
     0 | D:1      | Mesmaeker13 the Demigod Air Elementalist began the quest
                  | for the Orb.
     0 | D:1      | Reached XP level 1. HP: 14/14 MP: 5/5
   185 | D:1      | Reached skill level 1 in Conjurations
   457 | D:1      | Reached XP level 2. HP: 20/20 MP: 4/7
  1185 | D:2      | Reached XP level 3. HP: 24/26 MP: 5/9
  1299 | D:2      | Learned a level 2 spell: Searing Ray
  1440 | D:2      | Found Uffom's Antique Armour Emporium.
  2614 | D:4      | Identified the +5 sling "Keites" {speed, Contam rPois Str+3
                  | Dex+3}
  2768 | D:4      | Reached XP level 4. HP: 32/33 MP: 4/10
  3364 | D:5      | Entered Level 5 of the Dungeon
  3418 | D:5      | Reached XP level 5. HP: 24/38 MP: 3/12
  3553 | D:5      | Reached XP level 6. HP: 45/45 MP: 14/14
  3693 | D:5      | Noticed Dowan
  3694 | D:5      | Noticed Duvessa
  3804 | D:5      | Killed Duvessa
  3813 | D:5      | Killed Dowan
  3843 | D:5      | Noticed Blork the orc
  3848 | D:5      | Killed Blork the orc
  3849 | D:5      | Reached skill level 5 in Air Magic
  3849 | D:5      | Reached XP level 7. HP: 35/50 MP: 16/16
  4425 | D:5      | Reached skill level 5 in Conjurations
  4670 | D:6      | Found a staircase to the Ecumenical Temple.
  4679 | D:6      | Reached XP level 8. HP: 57/57 MP: 15/18
  4701 | D:6      | Reached skill level 5 in Spellcasting
  5551 | D:6      | Learned a level 4 spell: Summon Lightning Spire
  5628 | D:7      | Reached skill level 1 in Summonings
  6025 | D:7      | Reached XP level 9. HP: 55/62 MP: 14/20
  6622 | D:8      | Reached skill level 1 in Armour
  6860 | D:8      | Found Qielumee's General Store.
  7017 | D:8      | Noticed a death yak
  7034 | D:8      | Killed a death yak
  7137 | D:8      | Noticed a death yak
  7302 | D:8      | Found a staircase to the Lair.
  7303 | D:8      | Noticed a gargoyle
  7327 | D:8      | Killed a gargoyle
  7328 | D:8      | Reached XP level 10. HP: 53/69 MP: 12/21
  7390 | D:8      | Noticed a death yak
  7390 | D:8      | Noticed a death yak
  7418 | D:8      | Slain by a death yak

Illustrated notes

Levels and vault maps discovered:
D:1:      tekkud_arrival_beachfront_property, layout_loops_ring,
          chequers_ecumenical_altar_simple, minmay_pentomino_x2
D:2:      layout_basic, serial_shops, shop
D:3:      layout_rooms
D:4:      layout_basic, kennysheep_mini_moat
D:5:      layout_loops_ring, mainiacjoe_overflow_big_doors, minmay_puff,
          uniq_duvessa, uniq_blork_the_orc
D:6:      layout_loops_cross, nicolae_sif_muna_condensation,
          kennysheep_little_box, minmay_temple_entry_crystal_x
D:7:      wad_pebble_path, layout_basic, nicolae_dithmenos_the_darkroom,
          mainiacjoe_overflow_alcove_1
D:8:      layout_loops_ring, dpeg_lair_monsters, serial_shops,
          nicolae_shop_back_alley_shop, minmay_gold_behind_fungi, uniq_joseph

Skill      XL: |  1  2  3  4  5  6  7  8  9 |
---------------+----------------------------+-----
Conjurations   | 1 2 3 4 5 6 7 |  7.4
Spellcasting   | 2 3 4 5 |  5.3
Air Magic      | 3 4 5 6 7 |  7.9
Dodging        | 2 4 |  4.5
Summonings     | 2 4 |  4.5
Armour         | 3 |  3.1
Stealth        | |  1.7

Action                     |  1- 3 |  4- 6 |  7- 9 | 10-12 || total
---------------------------+-------+-------+-------+-------++-------
   Cast: Shock             |   100 |    45 |    90 |       ||   235
         Searing Ray       |       |     8 |    50 |     4 ||    62
         Summon Lightning  |       |       |    12 |     1 ||    13
  Evoke: Wand              |       |    14 |    13 |     1 ||    28
    Use: Scroll            |       |     4 |     3 |       ||     7
 Armour: Robe              |     2 |     4 |     8 |       ||    14
         Leather armour    |       |       |     7 |     2 ||     9
  Dodge: Dodged            |    15 |    13 |    62 |     4 ||    94
